 Dungeon Crawl Stone Soup version 0.29.1-15-g9cfb28693d (webtiles) character file.

Game seed: 18290251064951629515

116 leafyfresh the Sneak (level 5, -1/37 HPs)
             Began as an Octopode Delver on Mar 4, 2023.
             Slain by a kobold brigand
             ... wielding a +0 dagger
              (3 damage)
             ... in a sewer.
             The game lasted 00:03:46 (1756 turns).

leafyfresh the Sneak (Octopode Delver)              Turns: 1756, Time: 00:03:47

Health: -1/37      AC:  1    Str: 11      XL:     5   Next: 0%
Magic:  5/5        EV: 12    Int: 14      God:
Gold:   15         SH:  0    Dex:  2 (14) Spells: 4/4 levels left

rFire   . . .      SeeInvis .   j - +2 whip (drain)
rCold   . . .      Faith    .   (no shield)
rNeg    . . .      Spirit   .   (helmet restricted)
rPois   .          Reflect  .   (no amulet)
rElec   .          Harm     .   (no ring)
rCorr   .          Rampage  .   (no ring)
Will    .....                   (no ring)
Stlth   ++++......              (no ring)
HPRegen 0.12/turn               (no ring)
MPRegen 0.09/turn               (no ring)
                                (no ring)
                                (no ring)

@: hasted, very quick
A: almost no armour, amphibious, 8 rings, camouflage 1, gelatinous body 1,
(nimble swimmer 1), tentacles
a: no special abilities


You were in a sewer.
You visited 1 branch of the dungeon, and saw 3 of its levels.
You also visited: Sewer.

You collected 15 gold pieces.

Inventory:

Hand Weapons
 a - a +0 short sword
 g - a +0 vorpal spear
 j - a +2 whip of draining (weapon)
Jewellery
 h - a ring of ice
Wands
 f - a wand of digging (3)
Scrolls
 b - a scroll of fog
 c - a scroll of identify {unknown}
Potions
 d - a potion of mutation {unknown}
 e - 2 potions of haste
 i - a potion of invisibility {unknown}
 k - a potion of might


   Skills:
 + Level 4.0 Fighting
 - Level 2.0 Short Blades
 + Level 3.2 Dodging
 + Level 7.6 Stealth


You had 4 spell levels left.
You didn't know any spells.
Your spell library was empty.

Dungeon Overview and Level Annotations

Branches:
Dungeon (5/15)              Sewer (1/1)
 Temple: D:4-7

Altars:

Annotations:
D:4 Dowan, Duvessa
D:5 Eustachio Sewer Grinder


Innate Abilities, Weirdness & Mutations

You cannot wear most types of armour.
You are amphibious.
You can wear up to eight rings at the same time.
Your skin changes colour to match your surroundings (Stealth+).
Your rubbery body absorbs attacks. (AC +1, EV +1)
((You are camouflaged when in or above water. (Stealth+)))
You have tentacles for arms and can constrict up to eight enemies at once.


Message History

You hit the kobold brigand but do no damage.
Your grab misses the kobold brigand. Your squeeze misses the kobold brigand.
The kobold brigand is moderately wounded.
The kobold throws a stone.
The stone hits you but does no damage.
The kobold brigand hits you with a +0 dagger.
Unknown command.
You barely miss the kobold brigand. Your grab misses the kobold brigand.
Your squeeze misses the kobold brigand.
The kobold brigand is moderately wounded.
The kobold brigand hits you with a +0 dagger.
Unknown command.
You barely miss the kobold brigand. You grab the kobold brigand.
The kobold brigand is moderately wounded.
You constrict the kobold brigand.
The kobold brigand hits you with a +0 dagger.
A kobold comes into view. It is wielding a +0 whip.
The kobold closely misses you. The kobold barely misses you.
The kobold brigand closely misses you.
The kobold shouts!
You whack the kobold brigand!
The kobold brigand is heavily wounded.
You constrict the kobold brigand, but do no damage.
The kobold misses you. The kobold hits you with a +0 dagger.
The kobold brigand closely misses you.
Unknown command.
You hit the kobold brigand.
The kobold brigand is severely wounded.
You constrict the kobold brigand.
An ufetubus comes into view.
Grinder comes into view.
The kobold hits you with a +0 dagger.
The kobold hits you with a +0 short sword.
The kobold brigand hits you with a +0 dagger.
* * * LOW HITPOINT WARNING * * *
The ufetubus moves out of view.
You feel yourself speed up.
You constrict the kobold brigand.
The kobold hits you with a +0 short sword.
* * * LOW HITPOINT WARNING * * *
The kobold completely misses you.
The kobold brigand hits you with a +0 dagger.
You die...

##≈≈≈~~≈#.))§)..#≈≈
###.......÷.....5.'...
#∩.)......'.§._.§.'...
###.......'.......'...
##≈≈~≈≈≈#..§.§..#≈≈≈
#########.....#####
##'''## #≈.KK≈#
#≈.K@≈# #≈...≈#
#≈...~# #≈...≈#
#≈...≈# ##...## ##.##
#∩# ###


You could see Grinder (wandering), a kobold brigand (drained) and 2 kobolds.

Vanquished Creatures
  A quasit (Sewer)
  2 adders
  3 shadow imps (Sewer)
  An ufetubus (Sewer)
  A bat (Sewer)
  2 endoplasms (D:3)
  4 giant cockroaches
  3 goblins (D:3)
  A hobgoblin (D:3)
  16 kobolds
  4 ball pythons
  2 kobold zombies (Sewer)
40 creatures vanquished.

Notes
Turn   | Place    | Note
-------+----------+-------------------------------------------
     0 | D:5      | leafyfresh the Octopode Delver began the quest for the Orb.
     0 | D:5      | Reached XP level 1. HP: 16/16 MP: 1/1
    20 | D:5      | Reached XP level 2. HP: 18/21 MP: 2/2
    65 | D:5      | Noticed Eustachio
   150 | D:4      | Noticed Duvessa
   151 | D:4      | Noticed Dowan
   480 | D:3      | Reached skill level 7 in Stealth
   524 | D:3      | Found a glowing drain.
   530 | D:3      | Reached XP level 3. HP: 26/26 MP: 3/3
   534 | Sewer    | Entered a sewer
   830 | Sewer    | Reached XP level 4. HP: 28/33 MP: 4/4
   853 | Sewer    | Found a burning altar of Makhleb.
  1148 | Sewer    | Noticed a kobold brigand
  1453 | Sewer    | Reached XP level 5. HP: 13/37 MP: 5/5
  1755 | Sewer    | Noticed Grinder
  1756 | Sewer    | Slain by a kobold brigand

Illustrated notes

Levels and vault maps discovered:
D:3:      layout_basic, portal_sewer_entry_d
D:4:      layout_cave_pools, uniq_sigmund, uniq_duvessa
D:5:      layout_rooms, uniq_eustachio, uniq_menkaure
Sewer:    kennysheep_sewer_church

Skill      XL: |  1  2  3  4 |
---------------+-------------+-----
Stealth        | 7 |  7.6
Dodging        | 3 |  3.2
Fighting       | 4 |  4.0
Short Blades   | |  2.0

Action                   |  1- 3 |  4- 6 || total
-------------------------+-------+-------++-------
Melee: Short sword       |    30 |       ||    30
       Tentacles         |     7 |     9 ||    16
       Constrict         |     9 |    10 ||    19
       Spear             |    27 |    40 ||    67
       Punch             |       |     1 ||     1
       Whip              |       |    11 ||    11
  Use: Scroll            |     1 |     1 ||     2
       Potion            |       |     1 ||     1
 Stab: Sleeping          |     6 |     1 ||     7
Armor: Skin              |     1 |    13 ||    14
Dodge: Dodged            |    31 |    49 ||    80
